 Dungeon Crawl Stone Soup version 0.23-a0-844-gdc03e01 (console) character file.

1096 bli the Slasher (level 8, -4/64 HPs)
             Began as a Barachi Monk on Jan 26, 2019.
             Was a Priest of Wu Jian.
             Slain by an ice beast (13 damage)
             ... on level 6 of the Dungeon.
             The game lasted 00:17:44 (4270 turns).

bli the Slasher (Barachi Monk)                      Turns: 4270, Time: 00:17:45

Health: -4/64      AC:  8    Str: 13    XL:     8   Next: 31%
Magic:  8/8        EV: 15    Int: 10    God:    Wu Jian [***...]
Gold:   337        SH:  0    Dex: 17    Spells: 7/7 levels left

rFire    + . .     SeeInvis .   a - +0 falchion
rCold    . . .     Gourm    .   (no shield)
rNeg     . . .     Faith    .   F - +0 leather armour {rF+}
rPois    .         Spirit   .   g - +0 helmet
rElec    .         Reflect  .   t - +0 cloak
rCorr    .         Harm     .   N - +2 pair of gloves
MR       .....                  (no boots)
Stlth    +++.......             M - amulet of inaccuracy (curse)
HPRegen  0.20/turn              i - ring of stealth
MPRegen  0.11/turn              (no ring)

@: slow
A: +LOS, swims, slowness 1, strong legs 1
a: Hop, Wall Jump, Serpent's Lash, Renounce Religion


You were on level 6 of the Dungeon.
You worshipped Wu Jian.
Wu Jian was most pleased with you.
You were not hungry.

You visited 1 branch of the dungeon, and saw 6 of its levels.

You collected 337 gold pieces.

Inventory:

Hand Weapons
 a - a +0 falchion (weapon)
 b - a +1 dagger of venom
 e - a +0 blowgun
 j - a +0 dagger
 w - a +0 hunting sling
 y - a +0 dagger of venom
Missiles
 k - 235 stones (quivered)
 o - 7 tomahawks
 x - 24 poisoned needles
 B - 3 needles of sleeping
 L - 20 sling bullets
Armour
 g - a +0 helmet (worn)
 r - a +0 robe
 t - a +0 cloak (worn)
 F - a +0 leather armour of fire resistance (worn)
 N - a +2 pair of gloves (worn)
Magical Staves
 J - an uncursed staff of energy {unknown}
Jewellery
 i - a ring of stealth (left hand)
 M - a cursed amulet of inaccuracy (around neck)
Wands
 f - a wand of iceblast (10)
 G - a wand of random effects (13)
 O - a wand of acid (3)
Scrolls
 h - 2 scrolls of fog
 l - 3 scrolls of magic mapping
 q - a scroll of amnesia
 s - 2 scrolls of enchant armour
 u - 2 scrolls of immolation
 v - 2 scrolls of teleportation
Potions
 m - 2 potions of degeneration {unknown}
 n - a potion of flight {unknown}
 p - a potion of lignification {unknown}
 A - a potion of haste {unknown}
 C - a potion of resistance {unknown}
 D - 2 potions of heal wounds {unknown}
 E - a potion of curing {unknown}
 H - a potion of might {unknown}
 K - 2 potions of ambrosia {unknown}
Comestibles
 c - 11 rations


   Skills:
 + Level 5.8 Fighting
 * Level 5.0(6.3) Short Blades
 * Level 6.4(7.4) Long Blades
 + Level 3.6 Armour
 * Level 5.1 Dodging
 * Level 3.4 Stealth


You had 7 spell levels left.
You didn't know any spells.
Your spell library was empty.

Dungeon Overview and Level Annotations

Branches:
Dungeon (6/15)             Temple (0/1) D:5

Altars:
Nemelex Xobeh
Ru
Wu Jian

Shops:
D:4 =


Innate Abilities, Weirdness & Mutations

Shadows flee at your approach. (+LOS)
You can swim through water.
You cover ground slowly.
You can hop short distances.


Message History

The ice beast closely misses you.
You spin and attack the ice beast.
You hit the ice beast.
The ice beast is moderately wounded.
The ice beast hits you. The ice beast freezes you!
You barely miss the ice beast.
The ice beast is moderately wounded.
The ice beast barely misses you.
You hit the ice beast but do no damage.
The ice beast is moderately wounded.
The ice beast hits you.
* * * LOW HITPOINT WARNING * * *
The ice beast freezes you!
* * * LOW HITPOINT WARNING * * *
You spin and attack the ice beast.
You barely miss the ice beast.
The ice beast is moderately wounded.
The ice beast closely misses you. The ice beast hits you.
* * * LOW HITPOINT WARNING * * *
The ice beast freezes you!
You die...

........................###
..
..........................
...
......(.......Y..........
...
....#...##'#########....#
.... .. #...##.#########
#.##.... #..............#
#....... #....#########.#
##Y...## ####. #<# #.#
#<...... # #.# #.# ##...##.
#.#####.# ....... #.@Y....#
###.... ######### ..## #.#
.# .#


You could see an ice beast.

Vanquished Creatures
  Pikel (D:5)
  A centaur (D:5)
  2 scorpions (D:6)
  2 howler monkeys
  An orc priest (D:4)
  Jessica (D:3)
  3 iguanas
  Ijyb (D:3)
  A worker ant (D:4)
  9 adders
  An adder zombie (D:5)
  5 worms
  A dart slug (D:3)
  6 leopard geckos
  6 orcs
  7 giant cockroaches
  8 goblins
  9 hobgoblins
  14 jackals
  A quokka (D:2)
  A ball python (D:3)
  6 bats
  6 frilled lizards
  5 kobolds
  12 rats
110 creatures vanquished.

Notes
Turn   | Place    | Note
-------+----------+-------------------------------------------
     0 | D:1      | bli the Barachi Monk began the quest for the Orb.
     0 | D:1      | Reached XP level 1. HP: 18/18 MP: 1/1
   152 | D:1      | Reached skill level 4 in Long Blades
   178 | D:1      | Reached XP level 2. HP: 25/25 MP: 2/2
   500 | D:1      | Reached XP level 3. HP: 29/30 MP: 3/3
  1214 | D:2      | Reached skill level 5 in Long Blades
  1214 | D:2      | Reached XP level 4. HP: 34/37 MP: 4/4
  1391 | D:2      | Found a sparkling altar of Nemelex Xobeh.
  1760 | D:3      | Found an ornate altar of the Wu Jian Council.
  1767 | D:3      | Reached skill level 1 in Short Blades
  1841 | D:3      | Became a worshipper of the Wu Jian Council
  1841 | D:3      | Reached * piety under Wu Jian
  1841 | D:3      | Reached ** piety under Wu Jian
  1855 | D:3      | Noticed Jessica
  1870 | D:3      | Killed Jessica
  1870 | D:3      | Reached XP level 5. HP: 19/43 MP: 5/5
  2081 | D:3      | Found a sacrificial altar of Ru.
  2335 | D:3      | Noticed Ijyb
  2349 | D:3      | Killed Ijyb
  2506 | D:4      | Reached XP level 6. HP: 22/50 MP: 6/6
  2956 | D:4      | Reached skill level 5 in Fighting
  2956 | D:4      | Reached skill level 1 in Armour
  3085 | D:4      | Reached *** piety under Wu Jian
  3200 | D:4      | Found Raifom's Jewellery Boutique.
  3330 | D:5      | Entered Level 5 of the Dungeon
  3470 | D:5      | Reached XP level 7. HP: 6/56 MP: 7/7
  3512 | D:5      | Noticed Pikel
  3816 | D:5      | Killed Pikel
  3816 | D:5      | Reached skill level 6 in Long Blades
  3816 | D:5      | Reached XP level 8. HP: 30/64 MP: 8/8
  3831 | D:5      | Found a staircase to the Ecumenical Temple.
  3844 | D:5      | Reached skill level 5 in Dodging
  4239 | D:6      | Reached skill level 5 in Short Blades
  4270 | D:6      | Slain by an ice beast

Vault maps used:
D:1:      minmay_arrival_glassed_features
D:2:      nemelex_xobeh_ov_fountains_minmay, first_ration
D:3:      lemuel_crystal_altar, lemuel_tele_altar, uniq_jessica, uniq_ijyb
D:4:      serial_shops, kennysheep_little_box
D:5:      minmay_temple_entry_slanted, uniq_pikel
D:6:      gammafunk_cloud_chamber

Skill      XL: |  1  2  3  4  5  6  7  8 |
---------------+-------------------------+-----
Long Blades    | 4 5 6 |  6.4
Fighting       | 4 5 |  5.8
Short Blades   | 1 2 3 4 5 |  5.0
Stealth        | 2 3 |  3.4
Dodging        | 4 5 |  5.1
Armour         | 2 3 |  3.6

Action                   |  1- 3 |  4- 6 |  7- 9 || total
-------------------------+-------+-------+-------++-------
Melee: Falchion          |    52 |    37 |    18 ||   107
       Dagger            |    45 |   188 |    56 ||   289
Invok: Whirlwind         |       |     8 |    11 ||    19
       Lunge             |       |    14 |     5 ||    19
  Use: Scroll            |       |       |    10 ||    10
 Stab: Sleeping          |     9 |     5 |     2 ||    16
  Eat: Chunk             |     2 |     7 |     4 ||    13
Armor: Robe              |    20 |    22 |       ||    42
       Leather armour    |       |    11 |    11 ||    22
Dodge: Dodged            |    72 |   134 |    33 ||   239
       Rpst.: Falchion   |    12 |     7 |     2 ||    21

Table legend:
 A = Non-vault XP
 B = Vault XP
 C = Vault XP percentage of total XP
 D = Non-vault monster count
 E = Vault monster count
 F = Vault count percentage of total count
                 A         B        C        D         E       F
            +---------+---------+-------+---------+---------+-------
      Total |     842 |     724 |  46.2 |     107 |       3 |   2.7
            +---------+---------+-------+---------+---------+-------
        D:1 |      42 |       0 |   0.0 |      25 |       0 |   0.0
        D:2 |      55 |       0 |   0.0 |      23 |       0 |   0.0
        D:3 |      92 |      73 |  44.2 |      26 |       2 |   7.1
        D:4 |     275 |       0 |   0.0 |      22 |       0 |   0.0
        D:5 |     238 |     651 |  73.2 |       9 |       1 |  10.0
        D:6 |     140 |       0 |   0.0 |       2 |       0 |   0.0
            +---------+---------+-------+---------+---------+-------
